Map: Blackpink LE

Players

FisterRoboto

  • Race: Zerg Zerg
  • League: Master
  • Spawn Location: 1:00

Stropheum - Winner!

  • Race: Zerg Zerg
  • League: Diamond
  • Spawn Location: 7:00

VOD

Have the link to the VOD?

Description

Muta ling bane battle to the death between the two most handsome and intimidating beards in the neuro mod collective

Time

  • Played on: April 18, 2018, 9:32 p.m.
  • Length: 12:41
Show
View Real Time Build Order
Export as new Build Order

FisterRoboto Zerg 

Build Orders: Hatch First, Zergling Baneling 

Get SALT Encoding   

  12  0:01  Drone  
  13  0:15  Overlord  
  13  0:20  Drone  
  14  0:33  Drone x2  
  16  0:44  Drone  
  17  0:54  Hatchery  
  17  0:56  Drone  
  17  1:00  Drone  
  18  1:11  Extractor  
  17  1:17  Spawning Pool  
  17  1:18  Drone  
  17  1:20  Drone  
  18  1:31  Drone  
  19  1:46  Overlord  
  19  1:54  Drone  
  20  2:05  Queen  
  20  2:06  Queen  
  20  2:08  Zergling x4  
  26  2:14  Drone, Metabolic Boost  
  27  2:19  Drone  
  28  2:26  Drone  
  29  2:34  Drone, Baneling Nest  
  29  2:35  Drone  
  30  2:40  Drone  
  31  2:47  Drone  
  32  2:53  Hatchery  
  32  2:55  Drone  
  32  3:00  Overlord  
  32  3:13  Drone x4  
  35  3:20  Zergling x4  
  35  3:21  Zergling x4  
  35  3:26  Drone x2  
  41  3:31  Zergling x2  
  41  3:34  Zergling x2  
  42  3:40  Baneling  
  42  3:41  Baneling x3  
  42  3:45  Zergling x2  
  43  4:02  Zergling x6  
  43  4:03  Overlord  
  43  4:07  Evolution Chamber  
  42  4:10  Drone x5  
  42  4:13  Baneling x2, Evolution Chamber  
  46  4:18  Zergling x6  
  46  4:23  Overlord, Queen  
  51  4:29  Drone  
  51  4:30  Drone  
  53  4:34  Drone x2  
  53  4:36  Zerg Ground Armor Level 1  
  55  4:40  Extractor  
  55  4:44  Drone x2  
  55  4:45  Drone  
  57  4:48  Drone  
  57  4:49  Drone x5  
  57  4:50  Baneling x2  
  62  5:02  Zergling x6  
  63  5:09  Drone  
  63  5:13  Drone, Zerg Melee Weapons Level 1  
  63  5:14  Drone  
  66  5:15  Overlord x4  
  65  5:41  Zergling x10  
  65  5:42  Zergling x12  
  68  5:50  Zergling x14  
  68  5:52  Lair  
  68  5:56  Extractor  
  74  6:09  Drone x3  
  77  6:12  Drone  
  77  6:13  Drone x2  
  80  6:21  Drone  
  80  6:23  Drone x4  
  85  6:26  Drone x6  
  85  6:29  Extractor  
  90  6:36  Zergling x6  
  93  6:40  Extractor  
  93  6:41  Extractor  
  93  6:42  Zergling x2  
  92  6:51  Zergling x10  
  92  6:53  Overlord x4  
  97  6:55  Spire  
  97  7:00  Zergling x2  
  97  7:02  Baneling x8  
  96  7:17  Drone x6  
  97  7:29  Spore Crawler  
  80  7:30  Spore Crawler x2  
  78  7:37  Zergling x10  
  78  7:42  Zergling x4  
  80  7:45  Overlord  
  80  7:50  Zergling x2  
  81  8:07  Zerg Flyer Armor Level 1, Mutalisk x4  
  81  8:08  Mutalisk x3  
  95  8:14  Mutalisk  
  95  8:15  Mutalisk x3  
  95  8:18  Queen  
  102  8:26  Zergling x8  
  106  8:27  Overlord x5  
  106  8:34  Overlord  
  106  8:35  Hatchery  
  104  8:44  Mutalisk  
  104  8:47  Mutalisk x3  
  110  8:48  Hydralisk Den  
  110  8:50  Zergling x6  
  108  8:57  Mutalisk  
  108  8:58  Hatchery  
  108  8:59  Zergling x12  
  114  9:07  Drone  
  114  9:08  Drone x2  
  117  9:20  Mutalisk x2  
  117  9:21  Lurker Den  
  120  9:39  Mutalisk  
  120  9:40  Mutalisk x3  
  120  9:45  Zergling x10  
  129  9:46  Zergling x8  
  129  9:50  Hatchery  
  123  9:54  Zergling x8  
  123  9:55  Zergling x4  
  123  9:58  Zerg Melee Weapons Level 2  
  129  10:02  Drone x2  
  129  10:04  Zerg Ground Armor Level 2  
  121  10:15  Mutalisk x2  
  121  10:28  Zergling x22  
  132  10:32  Mutalisk  
  134  10:36  Zerg Flyer Weapons Level 1  
  134  10:41  Zergling x6  
  135  10:46  Zergling x2  
  135  10:49  Hatchery, Extractor  
  135  10:50  Extractor  
  135  10:56  Queen x2  
  135  10:57  Queen  
  137  10:58  Zergling x14  
  137  10:59  Zergling x8  
  137  11:03  Hydralisk  
  144  11:19  Mutalisk x8  
  144  11:25  Extractor x2  
  152  11:30  Drone x6  
  158  11:33  Hydralisk  
  159  11:46  Hydralisk x3  
  158  11:49  Overlord x6  
  143  11:59  Drone x3  
  143  12:01  Queen  
  138  12:03  Drone x3  
  130  12:09  Mutalisk x4  
  130  12:11  Zergling x10  
  130  12:12  Zergling x4  
  143  12:21  Zergling x8  
  143  12:22  Zergling x2  
Show
View Real Time Build Order
Export as new Build Order

Stropheum Zerg - Winner!

Build Orders: Hatch First, Muta Ling Bane 

Get SALT Encoding   

  12  0:01  Drone  
  13  0:12  Overlord  
  13  0:17  Drone  
  14  0:31  Drone x2  
  14  0:34  Drone  
  17  0:52  Hatchery  
  17  0:56  Drone  
  17  0:59  Drone  
  18  1:10  Extractor  
  17  1:15  Spawning Pool  
  16  1:18  Drone  
  16  1:21  Drone  
  18  1:28  Drone  
  19  1:39  Overlord  
  19  2:05  Queen x2  
  23  2:11  Drone x2  
  23  2:12  Drone x2, Metabolic Boost  
  27  2:17  Drone  
  28  2:24  Drone  
  28  2:28  Drone  
  30  2:35  Baneling Nest  
  29  2:47  Hatchery  
  29  2:49  Zergling x2  
  29  2:54  Zergling x2  
  29  2:55  Zergling x2  
  31  2:58  Zergling x2  
  32  3:13  Overlord  
  32  3:27  Drone x4  
  33  3:28  Overlord x2  
  36  3:38  Drone x5  
  36  3:41  Baneling x3  
  41  3:50  Drone x3  
  41  4:03  Zergling x14  
  41  4:07  Lair  
  48  4:10  Extractor  
  48  4:13  Baneling  
  48  4:15  Baneling  
  47  4:19  Overlord  
  47  4:20  Drone x2  
  47  4:21  Queen  
  51  4:28  Overlord  
  51  4:34  Drone x5  
  56  4:44  Overlord  
  56  4:45  Drone x5  
  59  4:59  Extractor  
  58  5:00  Extractor  
  58  5:01  Drone x6  
  58  5:02  Drone x2  
  64  5:07  Zergling x2  
  64  5:12  Baneling x4  
  65  5:25  Spire  
  64  5:34  Queen  
  64  5:36  Baneling x2  
  64  5:37  Baneling, Zergling x20  
  64  5:38  Zergling x6  
  68  5:53  Drone x5  
  73  6:06  Baneling x4  
  73  6:12  Overlord x4  
  73  6:22  Extractor x2  
  71  6:26  Drone  
  71  6:27  Drone x8  
  80  6:36  Mutalisk  
  80  6:37  Zerg Flyer Weapons Level 1, Mutalisk  
  80  6:38  Overseer  
  84  6:48  Mutalisk x4  
  92  6:58  Hatchery  
  92  6:59  Pneumatized Carapace  
  91  7:01  Drone x3  
  91  7:02  Drone x6  
  91  7:06  Baneling x4  
  100  7:19  Zergling x6  
  93  7:32  Queen  
  91  7:39  Mutalisk  
  91  7:40  Mutalisk x5  
  102  7:46  Extractor  
  102  7:47  Overlord x4, Extractor  
  100  7:51  Centrifical Hooks  
  100  7:56  Evolution Chamber  
  100  7:57  Overlord x2, Evolution Chamber  
  98  7:58  Infestation Pit  
  98  7:59  Drone x3  
  98  8:20  Zergling x2  
  98  8:21  Zergling x18  
  106  8:36  Drone x7  
  106  8:39  Hive  
  106  8:40  Zerg Ground Armor Level 1, Zerg Melee Weapons Level 1  
  113  8:42  Zerg Flyer Weapons Level 2  
  113  8:46  Baneling x4  
  110  8:52  Zergling x8  
  114  9:08  Mutalisk x5  
  124  9:11  Hatchery, Overlord x3  
  123  9:19  Hatchery, Overlord x3  
  122  9:24  Mutalisk  
  124  9:36  Mutalisk x3  
  128  9:46  Spore Crawler  
  128  9:47  Zergling x22  
  128  9:48  Zergling x2  
  128  9:52  Spine Crawler  
  134  9:56  Spore Crawler  
  134  9:58  Spore Crawler  
  132  10:00  Overlord x3  
  132  10:02  Drone x2  
  134  10:07  Overlord  
  134  10:13  Mutalisk x4  
  130  10:19  Mutalisk x2  
  127  10:28  Spore Crawler  
  127  10:30  Spore Crawler x2  
  127  10:31  Mutalisk x2  
  127  10:32  Mutalisk  
  128  10:37  Zergling x2  
  128  10:38  Zergling x6  
  132  10:53  Viper x3  
  138  11:03  Baneling x4  
  133  11:06  Overlord x2  
  133  11:07  Zergling x14  
  129  11:30  Spore Crawler  
  128  11:38  Zergling x8  
  128  11:39  Zergling x8, Mutalisk  
  126  11:40  Mutalisk x8  
  126  11:46  Zergling x10  
  142  11:47  Zergling x2  
  141  12:14  Zergling x2  
  141  12:15  Zergling x30  
  157  12:19  Overlord x2  
  157  12:31  Unknown x3  
Tags
 
Add a new tag
Caveats
  • Supply blocks, unpowered buildings, or Contaminate may cause inaccurate times.
  • Supply counts are checked every 10 seconds.